 Dungeon Crawl Stone Soup version 0.31-a0-858-g469dc525a8 (webtiles) character file.

Game seed: 11597461220171404975

320 BritishOli the Trooper (level 6, 48/48 HPs)
             Began as a Demonspawn Fighter on Oct 9, 2023.
             Was a Follower of Okawaru.
             Got out of the dungeon alive.
             The game lasted 00:02:56 (2137 turns).

BritishOli the Trooper (Demonspawn Fighter)         Turns: 2137, Time: 00:02:56

Health: 48/48      AC:  9    Str: 18    XL:     6   Next: 22%
Magic:  6/6        EV:  9    Int:  9    God:    Okawaru [*.....]
Gold:   126        SH:  5    Dex: 13    Spells: 5/5 levels left

rFire   . . .        a - +0 war axe
rCold   . . .        c - +0 buckler
rNeg    . . .        b - +0 scale mail
rPois   .            o - +0 helmet
rElec   .            (no cloak)
rCorr   .            (no gloves)
SInv    .            p - +0 pair of boots
Will    .....        f - amulet of faith Stlth
                     (no ring)
HPRegen 0.28/turn    (no ring)
MPRegen 0.20/turn

%: faith
@: no status effects
A: hooves 2, magic regeneration
a: Renounce Religion, Heroism


You escaped.
You worshipped Okawaru.
Okawaru was aware of your devotion.
You visited 1 branch of the dungeon, and saw 3 of its levels.

You collected 126 gold pieces.

Inventory:

Hand Weapons
 a - a +0 war axe (weapon)
Missiles
 q - a throwing net
Armour
 b - a +0 scale mail (worn)
 c - a +0 buckler (worn)
 o - a +0 helmet (worn)
 p - a +0 pair of boots (worn)
Jewellery
 f - an amulet of faith (around neck)
Scrolls
 g - 7 scrolls of identify {unknown}
 h - a scroll of teleportation {unknown}
 k - 2 scrolls of revelation {unknown}
 m - a scroll of blinking {unknown}
 n - a scroll of fog {unknown}
Potions
 d - 2 potions of might
 e - a potion of attraction {unknown}
 i - 3 potions of heal wounds {unknown}
 j - 2 potions of curing {unknown}
 l - 2 potions of invisibility {unknown}


   Skills:
 + Level 4.3 Fighting
 + Level 3.3 Axes
 + Level 4.0 Armour
 + Level 3.9 Shields


You had 5 spell levels left.
You didn't know any spells.
Your spell library was empty.

Dungeon Overview and Level Annotations

Branches:
Dungeon (3/15)

Altars:
Okawaru


Innate Abilities, Weirdness & Mutations

You have hoof-like feet.
You regenerate magic rapidly.


Message History

You closely miss Sigmund.
Sigmund is heavily wounded.
Sigmund barely misses you.
You closely miss Sigmund.
Sigmund is heavily wounded.
You block Sigmund's attack.
You slash Sigmund!
Sigmund is almost dead.
Sigmund says, "Look into my eyes."
Sigmund hits you but does no damage.
You slash Sigmund!
You kill Sigmund!
Okawaru is honoured by your kill.
You can now gain great but temporary skills.
Your life force feels restored.
Your Fighting skill increases to level 4!
Your Axes skill increases to level 3!
Your Armour skill increases to level 4!
You have reached level 6!
Your demonic ancestry asserts itself...
Your magic begins to regenerate rapidly.
You see here a bat skeleton.
There is a stone staircase leading up here.
You climb upwards.
There is a stone staircase leading down here.
There is an escape hatch in the floor here.
There is a stone staircase leading up here.
You climb upwards.
There is a stone staircase leading down here.
Okay, then.
Okay, then.
HP restored.
There is a staircase leading out of the dungeon here.
Alright, then stay!
Unknown command.
Unknown command.
Unknown command.
Okay, then.
Alright, then stay!
Unknown command.
You have escaped!

......##.......###......>...#####
#....##..##.#...##..............#
##.###...#..##...###............#
...##..#.#..###...##(...........#
####..##....# ##...#............#
##..###.##.# ##..#............#
##..## #.##.####...#............#
...## #......#....#.....########
..## #.####.#.@.##.....####....
...## #......#....#.....#.....#.
##..## #..#.####...##..#.##.#..#.
##..###.##.# ##..#.....##.#..#.
##..##..#.# ##..##.#......#†.#.
#####..#.#..###...##...######..#.
....##...#..##...##............#.
.#...##..##.#...###.....#......#.
.#...###.......##.......#.###..#.


There were no monsters in sight!

Vanquished Creatures
  Sigmund (D:3)
  Jessica (D:3)
  Robin (D:3)
  4 adders
  A dart slug (D:3)
  An orc (D:3)
  6 endoplasms
  4 giant cockroaches
  19 goblins
  7 hobgoblins
  6 kobolds
  3 quokkas
  13 ball pythons
  7 bats
  6 frilled lizards
  4 rats
84 creatures vanquished.

Notes
Turn   | Place    | Note
-------+----------+-------------------------------------------
     0 | D:1      | BritishOli the Demonspawn Fighter began the quest for the
                  | Orb.
     0 | D:1      | Reached XP level 1. HP: 18/18 MP: 1/1
   139 | D:1      | Gained mutation: You have large cloven feet. [demonic
                  | ancestry]
   139 | D:1      | Reached XP level 2. HP: 24/24 MP: 2/2
   479 | D:1      | Reached XP level 3. HP: 29/29 MP: 3/3
   900 | D:2      | Found an iron altar of Okawaru.
   989 | D:2      | Became a worshipper of Warmaster Okawaru
  1520 | D:3      | Noticed Sigmund
  1521 | D:3      | Noticed Robin
  1521 | D:3      | Noticed Jessica
  1528 | D:3      | Reached XP level 4. HP: 35/35 MP: 4/4
  1683 | D:3      | Identified the +1 robe of the Amoeba {Int+3}
  1824 | D:3      | Killed Jessica
  1833 | D:3      | Killed Robin
  1893 | D:3      | Gained mutation: You have hoof-like feet. [demonic
                  | ancestry]
  1893 | D:3      | Reached XP level 5. HP: 38/39 MP: 5/5
  2048 | D:3      | Killed Sigmund
  2048 | D:3      | Reached * piety under Okawaru
  2049 | D:3      | Gained mutation: You regenerate magic rapidly. [demonic
                  | ancestry]
  2049 | D:3      | Reached XP level 6. HP: 31/48 MP: 6/6
  2137 | D:$      | Got out of the dungeon alive.

Illustrated notes

Levels and vault maps discovered:
D:1:      dpeg_chamrin_arrival_tetris, layout_basic, serial_park_tiny_2
D:2:      layout_loops_ring, basic_altar
D:3:      layout_rooms, grunt_qazlal_clouds, kennysheep_generic_room_12,
          uniq_robin, uniq_jessica, uniq_sigmund, uniq_crazy_yiuf_cottage

Skill      XL: |  1  2  3  4  5 |
---------------+----------------+-----
Axes           | 2 3 |  3.3
Armour         | 3 4 |  4.0
Shields        | 3 |  3.9
Fighting       | 4 |  4.3

Action                     |  1- 3 |  4- 6 || total
---------------------------+-------+-------++-------
  Melee: War axe           |   106 |    70 ||   176
         Kick              |    14 |     6 ||    20
 Armour: Scale mail        |    74 |    73 ||   147
  Dodge: Dodged            |    38 |    46 ||    84
  Block: Buckler           |    19 |    21 ||    40

Table legend: (Time is in decaauts)
 A = Elapsed time spent in this place.
 B = Non-inter-level travel time spent in this place.
 C = Inter-level travel time spent in this place.
 D = Time resting spent in this place.
 E = Time spent auto-exploring this place.
 F = Levels seen in this place.
 G = Mean time per level.
                   A        B        C        D        E       F      G
               +--------+--------+--------+--------+--------+-----+--------+
         Total |   2211 |   1981 |    230 |    165 |   1313 |   3 |  737.0 |
       Dungeon |   2211 |   1981 |    230 |    165 |   1313 |   3 |  737.0 |
               +--------+--------+--------+--------+--------+-----+--------+

Top non-repeatable levels by time:
     D:2: 1010 daAuts
     D:1: 861 daAuts
     D:3: 340 daAuts
